 Dungeon Crawl Stone Soup version 0.29.1-1-gd02db6906a (webtiles) character file.

Game seed: 4285256850163657240

5738 MisterFreud the Protected (level 11, -6/81 HPs)
             Began as a Formicid Gladiator on Oct 5, 2022.
             Mangled by a two-headed ogre
             ... wielding a +0 giant club
              (25 damage)
             ... on level 10 of the Dungeon.
             The game lasted 00:10:31 (10883 turns).

MisterFreud the Protected (Formicid Gladiator)     Turns: 10883, Time: 00:10:31

Health: -6/81      AC: 12    Str: 26    XL:     11   Next: 5%
Magic:  11/11      EV: 12    Int:  9    God:
Gold:   572        SH:  0    Dex: 17    Spells: 10/10 levels left

rFire   . . .      SeeInvis +   a - +1 quarterstaff (venom)
rCold   + . .      Faith    .   (no shield)
rNeg    . . .      Spirit   .   q - +3 ring mail {rC+}
rPois   .          Reflect  .   (helmet unavailable)
rElec   .          Harm     .   (no cloak)
rCorr   .          Rampage  .   (no gloves)
Will    +....                   i - +0 pair of boots
Stlth   +.........              (no amulet)
HPRegen 0.23/turn               o - +6 ring of strength
MPRegen 0.12/turn               (no ring)

@: no status effects
A: permanent stasis, dig shafts and tunnels, antennae 3, four strong arms
a: Dig, Shaft Self


You were on level 10 of the Dungeon.
You visited 2 branches of the dungeon, and saw 11 of its levels.

You collected 572 gold pieces.

Inventory:

Hand Weapons
 a - a +1 quarterstaff of venom (weapon)
Missiles
 c - 4 throwing nets (quivered)
 d - a javelin
 p - 2 curare-tipped darts
 s - 4 silver javelins
 y - 42 poisoned darts
 z - 6 boomerangs
Armour
 i - a +0 pair of boots (worn)
 q - a +3 ring mail of cold resistance (worn)
 B - +0 acid dragon scales
Jewellery
 m - a ring of flight
 o - a +6 ring of strength (left hand)
Wands
 w - a wand of roots (9)
 x - a wand of paralysis (12)
Scrolls
 t - a scroll of amnesia
 u - a scroll of enchant weapon
 D - a scroll of brand weapon
 E - a scroll of butterflies
Potions
 b - 2 potions of resistance {unknown}
 e - 4 potions of flight
 f - a potion of ambrosia {unknown}
 g - a potion of berserk rage {unknown}
 h - 2 potions of brilliance
 j - a potion of haste {unknown}
 k - 11 potions of curing {unknown}
 l - a potion of degeneration {unknown}
 n - 4 potions of heal wounds
 r - 4 potions of lignification
 v - 3 potions of cancellation {unknown}
 C - a potion of mutation {unknown}


   Skills:
 - Level 6.0 Fighting
 - Level 10.0 Staves
 - Level 2.2 Throwing
 + Level 11.0 Armour
 - Level 2.8 Dodging
 - Level 6.0 Evocations


You had 10 spell levels left.
You didn't know any spells.
Your spell library contained the following spells:

 Spells                   Type           Power      Damage    Failure   Level
 Apportation              Tloc           0%         N/A       50%         1
 Necrotise                Necr           0%         1d4       50%         1
 Sandblast                Erth           0%         2d4       50%         1
 Shock                    Conj/Air       0%         1d3       50%         1
 Summon Small Mammal      Summ           0%         N/A       50%         1
 Animate Armour           Summ/Erth      0%         N/A       99%         4
 Blade Hands              Tmut           0%         N/A       100%        5
 Summon Forest            Summ/Tloc      0%         N/A       100%        5
 Summon Mana Viper        Hex/Summ       0%         N/A       100%        5
 Eringya's Noxious Bog    Tmut/Pois      0%         N/A       100%        6
 Iron Shot                Conj/Erth      0%         9d1       100%        6
 Summon Cactus Giant      Summ           0%         N/A       100%        6
 Summon Hydra             Summ           0%         N/A       100%        7


Dungeon Overview and Level Annotations

Branches:
Dungeon (10/15)            Temple (1/1) D:6             Orc (0/2) D:9
   Lair: D:8-11

Altars:
Ashenzari
Cheibriados
Dithmenos
Elyvilon
Fedhas
Gozag
Hepliaklqana
Kikubaaqudgha
Makhleb
Nemelex Xobeh
Okawaru
Qazlal
Ru
Sif Muna
Trog
Uskayaw
Vehumet
Wu Jian
Xom
Zin

Shops:
D:5 ?   D:6 *   D:7 ?


Innate Abilities, Weirdness & Mutations

You cannot be hasted, slowed, berserked, paralysed or teleported.
You can dig through walls and to a lower floor.
You have a pair of large antennae on your head. (SInv)
Your four strong arms can wield two-handed weapons with a shield.


Message History

There is a stone staircase leading up here.
You climb upwards.
There is a stone staircase leading down here.
You start resting.
HP restored.
Done exploring.
You climb downwards.
The two-headed ogre hits you with a +0 giant club!
The two-headed ogre closely misses you.
There is a stone staircase leading up here.
A two-headed ogre is nearby!
You sock the two-headed ogre!
The two-headed ogre looks as sick as possible!
The two-headed ogre is moderately wounded.
The two-headed ogre hits you with a +0 giant club.
The two-headed ogre hits you with a +0 giant club!
You hit the two-headed ogre but do no damage.
The two-headed ogre looks as sick as possible!
The two-headed ogre is moderately wounded.
You hit the two-headed ogre.
The two-headed ogre looks as sick as possible!
The two-headed ogre is moderately wounded.
The two-headed ogre hits you but does no damage.
The two-headed ogre hits you with a +0 giant club!
You are too injured to fight recklessly!
You are too injured to fight recklessly!
You hit the two-headed ogre.
The two-headed ogre looks as sick as possible!
The two-headed ogre is heavily wounded.
You hit the two-headed ogre but do no damage.
The two-headed ogre looks as sick as possible!
The two-headed ogre is heavily wounded.
The two-headed ogre hits you with a +0 giant club! x2
* * * LOW HITPOINT WARNING * * *
You sock the two-headed ogre!
The two-headed ogre looks as sick as possible!
The two-headed ogre is severely wounded.
The two-headed ogre attacks as you move away!
The two-headed ogre hits you with a +0 giant club!!
You die...

...............###...
.................#.....
........................
........................
........................
.^......................
.........<.............. .
........O............... ..
.......@................ ...
........................ ....
...................†.... .....
.................#.†.... ......
..................###†....
..........................# .....
.................................
..............#..................
.............###.................


You could see a two-headed ogre (extremely poisoned).

Vanquished Creatures
  2 two-headed ogres
  Joseph (D:7)
  An unseen horror (D:8)
  2 trolls (D:9)
  Prince Ribbit (D:7)
  A wyvern (D:7)
  A steam dragon (D:9)
  Menkaure (D:7)
  An acid dragon (D:8)
  A water moccasin (D:9)
  A black bear (D:7)
  2 ogres (D:4)
  2 centaurs (D:6)
  3 bullfrogs
  4 kobold brigands
  A gnoll sergeant (D:7)
  2 scorpions
  A necrophage (D:4)
  3 wights (D:10)
  3 killer bees (D:10)
  A jelly (D:8)
  10 orc priests
  3 gnoll boudas
  8 iguanas
  Jessica (D:2)
  7 orc wizards
  11 adders
  18 gnolls
  3 shadow imps
  2 ufetubi
  2 worms
  4 dart slugs
  36 orcs
  7 ball pythons
  7 endoplasms
  7 giant cockroaches
  8 goblins
  8 hobgoblins
  4 jackals (D:2)
  7 quokkas
  7 bats
  3 frilled lizards
  21 kobolds
  8 rats
227 creatures vanquished.

Notes
Turn   | Place    | Note
-------+----------+-------------------------------------------
     0 | D:1      | MisterFreud the Formicid Gladiator began the quest for the
                  | Orb.
     0 | D:1      | Reached XP level 1. HP: 16/16 MP: 1/1
   205 | D:1      | Found a faded altar of an unknown god.
   221 | D:1      | Reached XP level 2. HP: 3/23 MP: 2/2
  1191 | D:2      | Reached XP level 3. HP: 28/28 MP: 3/3
  1557 | D:2      | Reached XP level 4. HP: 31/34 MP: 4/4
  1769 | D:2      | Noticed Jessica
  1776 | D:2      | Killed Jessica
  1973 | D:2      | Reached skill level 5 in Staves
  1973 | D:2      | Reached XP level 5. HP: 39/39 MP: 5/5
  3085 | D:3      | Reached XP level 6. HP: 27/46 MP: 6/6
  3309 | D:3      | You fall into a shaft and drop 1 floor!
  3789 | D:3      | Found an ornate altar of the Wu Jian Council.
  3946 | D:4      | Noticed an ogre
  3951 | D:4      | Killed an ogre
  3952 | D:4      | Reached skill level 1 in Armour
  3952 | D:4      | Reached XP level 7. HP: 53/55 MP: 7/7
  4043 | D:4      | Reached skill level 2 in Armour
  4174 | D:4      | Reached skill level 5 in Fighting
  4280 | D:4      | Got Sorcery for Novices
  4346 | D:4      | Reached skill level 3 in Armour
  4692 | D:5      | Entered Level 5 of the Dungeon
  4749 | D:5      | Reached XP level 8. HP: 54/64 MP: 8/8
  4755 | D:5      | Reached skill level 4 in Armour
  5288 | D:5      | Found Bekk's Magic Scroll Emporium.
  5744 | D:6      | Reached skill level 5 in Armour
  6012 | D:6      | Reached skill level 6 in Armour
  6200 | D:6      | Found a staircase to the Ecumenical Temple.
  6255 | Temple   | Entered the Ecumenical Temple
  6590 | D:6      | Found Munit's Gadget Gallery.
  6973 | D:7      | Reached XP level 9. HP: 42/69 MP: 9/9
  7207 | D:7      | Noticed Prince Ribbit
  7219 | D:7      | Killed Prince Ribbit
  7282 | D:7      | Found a radiant altar of Vehumet.
  7282 | D:7      | Found a white marble altar of Elyvilon.
  7289 | D:7      | Found a faded altar of an unknown god.
  7291 | D:7      | Found a broken altar of Ashenzari.
  7293 | D:7      | Found a shimmering altar of Xom.
  7331 | D:7      | Noticed Joseph
  7339 | D:7      | Killed Joseph
  7582 | D:7      | Noticed Menkaure
  7590 | D:7      | Reached skill level 10 in Staves
  7590 | D:7      | Found Plog's Magic Scroll Boutique.
  7596 | D:7      | Killed Menkaure
  8190 | D:8      | Identified the +1 leather armour of Igaox {rPois}
  8423 | D:8      | Noticed a two-headed ogre
  8431 | D:8      | Killed a two-headed ogre
  8432 | D:8      | Reached XP level 10. HP: 56/76 MP: 10/10
  8621 | D:8      | Noticed an unseen horror
  8637 | D:8      | Killed an unseen horror
  8638 | D:8      | Reached skill level 7 in Armour
  9205 | D:9      | Reached skill level 8 in Armour
  9383 | D:9      | Found a staircase to the Orcish Mines.
  9584 | D:9      | Reached skill level 9 in Armour
 10402 | D:10     | Entered Level 10 of the Dungeon
 10413 | D:10     | Noticed a two-headed ogre
 10420 | D:10     | Killed a two-headed ogre
 10421 | D:10     | Reached skill level 10 in Armour
 10421 | D:10     | Reached XP level 11. HP: 77/81 MP: 11/11
 10568 | D:10     | Noticed a two-headed ogre
 10576 | D:10     | Reached skill level 11 in Armour
 10883 | D:10     | Mangled by a two-headed ogre

Illustrated notes

Levels and vault maps discovered:
D:1:      psy_arrival_spokes, layout_basic, ebering_ecumenical_altar_box
D:2:      layout_basic, uniq_jessica
D:3:      minmay_recursive_quarters, layout_rooms, mainiacjoe_overflow_alcove_2
D:4:      layout_rooms, hangedman_decor_riveting
D:5:      layout_rooms, serial_shops, nicolae_shop_statue_plus, serial_rivers,
          chequers_serial_rivers_marsh, chequers_serial_rivers_micro_c,
          chequers_serial_rivers_small_3, chequers_serial_rivers_room_b,
          chequers_serial_rivers_micro_a, chequers_serial_rivers_marsh
D:6:      layout_cave_pools, lemuel_temple_firewalk_b, nicolae_shop_gadgets
D:7:      layout_cave_pools, chequers_temple_overflow_minitemple, serial_shops,
          shop, uniq_prince_ribbit1, uniq_menkaure, uniq_joseph
D:8:      layout_gridville, kennysheep_nondescript
D:9:      layout_roguey, hiddenorc2_lemuel
D:10:     layout_big_octagon, grunt_temple_overflow_holy_war
Temple:   nicolae_temple_superstar

Skill      XL: |  1  2  3  4  5  6  7  8  9 10 11 |
---------------+----------------------------------+-----
Staves         | 4 5 6 7 10 | 10.0
Fighting       | 4 5 6 |  6.0
Armour         | 1 3 6 10 11 | 11.0
Evocations     | 6 |  6.0
Throwing       | |  2.2
Dodging        | |  2.8

Action                   |  1- 3 |  4- 6 |  7- 9 | 10-12 || total
-------------------------+-------+-------+-------+-------++-------
Melee: Quarterstaff      |    65 |   164 |   263 |   199 ||   691
       Punch             |       |     3 |     2 |     1 ||     6
Throw: Dart              |       |       |       |     1 ||     1
  Use: Scroll            |     2 |     5 |     7 |     4 ||    18
 Stab: Sleeping          |     2 |       |       |       ||     2
Armor: Leather armour    |    20 |    46 |       |       ||    66
       Ring mail         |       |     1 |   104 |   100 ||   205
Dodge: Dodged            |    49 |    97 |   182 |   119 ||   447
